 Dungeon Crawl Stone Soup version 0.30-a0-341-g682706514a (console) character file.

Game seed: 17817029427383011952

60916 jejorda2 the Impaler (level 15, -9/127 HPs)
             Began as a Merfolk Berserker on Nov 3, 2022.
             Was the Champion of Trog.
             Killed by divine providence
             ... invoked by a meliai
              (16 damage)
             ... on level 13 of the Dungeon.
             The game lasted 00:48:28 (18225 turns).

jejorda2 the Impaler (Merfolk Berserker)           Turns: 18225, Time: 00:48:29

Health: -9/127     AC: 27    Str: 23    XL:     15   Next: 1%
Magic:  15/15      EV: 10    Int:  9    God:    Trog [******]
Gold:   1919       SH:  0    Dex: 15    Spells: 14/14 levels left

rFire   + . .      SeeInvis .    a - +3 glaive (flame)
rCold   + . .      Faith    +    (shield currently unavailable)
rNeg    . . .      Spirit   .    g - +1 gold dragon scales "Vaumnoppud" {Harm rPois rF+ rC+ Int+2}
rPois   +          Reflect  .    o - +0 helmet
rElec   .          Harm     +    U - +0 cloak
rCorr   .          Rampage  .    m - +2 pair of gloves
Will    ++...                    T - +0 pair of boots
Stlth   ..........               L - amulet of faith
HPRegen 0.41/turn                w - +4 ring of evasion
MPRegen 0.14/turn                x - ring of willpower

@: no status effects
A: (nimble swimmer 2), mertail
a: Renounce Religion, Berserk, Trog's Hand, Brothers in Arms


You were on level 13 of the Dungeon.
You worshipped Trog.
Trog was exalted by your worship.
You visited 2 branches of the dungeon, and saw 18 of its levels.

You collected 2189 gold pieces.
You spent 270 gold pieces at shops.

Inventory:

Hand Weapons
 a - a +3 glaive of flaming (weapon)
 b - a +1 antimagic halberd
Missiles
 c - 57 stones
 h - 19 poisoned darts
 t - 2 throwing nets
 v - 7 javelins
 E - 9 silver javelins (quivered)
 X - 6 curare-tipped darts
Armour
 g - the +1 gold dragon scales "Vaumnoppud" (worn) {Harm rPois rF+ rC+ Int+2}
   (You acquired it on level 8 of the Dungeon)

   Int:       It affects your intelligence (+2).
   rF:        It protects you from fire.
   rC:        It protects you from cold.
   rPois:     It protects you from poison.
   Harm:      It increases damage dealt and taken.
 m - a +2 pair of gloves (worn)
 o - a +0 helmet (worn)
 T - a +0 pair of boots (worn)
 U - a +0 cloak (worn)
Jewellery
 r - a ring of positive energy
 w - a +4 ring of evasion (left hand)
 x - a ring of willpower (right hand)
 K - the ring of Mety {rElec rPois Str-3 Dex+2}
   (You found it on level 1 of the Lair of Beasts)

   [ring of poison resistance]

   Str:       It affects your strength (-3).
   Dex:       It affects your dexterity (+2).
   rElec:     It insulates you from electricity.
   rPois:     It protects you from poison.
 L - an amulet of faith (around neck)
 R - a ring of willpower
Wands
 p - a wand of flame (41)
 s - a wand of charming (17)
 D - a wand of polymorph (8)
 F - a wand of iceblast (14)
 M - a wand of light (2)
 V - a wand of digging (10)
Scrolls
 d - 14 scrolls of teleportation
 f - 5 scrolls of magic mapping
 i - 2 scrolls of summoning
 k - 2 scrolls of poison
 q - 2 scrolls of vulnerability
 G - 2 scrolls of enchant weapon
 H - 4 scrolls of blinking
 I - 6 scrolls of immolation
 J - a scroll of fear
 O - 2 scrolls of brand weapon
 S - a scroll of enchant armour
 W - a scroll of fog
Potions
 e - 4 potions of berserk rage
 j - 7 potions of mutation
 l - 4 potions of resistance
 n - 2 potions of cancellation
 u - 3 potions of attraction
 y - 7 potions of curing
 z - a potion of haste
 A - a potion of experience {unknown}
 B - 4 potions of flight
 C - 4 potions of heal wounds
 N - a potion of magic {unknown}
 P - a potion of invisibility {unknown}
 Q - 2 potions of might


   Skills:
 - Level 14.4 Fighting
 - Level 20.0 Polearms
 + Level 10.5 Throwing
 + Level 11.4 Armour
 - Level 2.6 Dodging
 - Level 6.0 Evocations


You had 14 spell levels left.
You didn't know any spells.
Your spell library was empty.

Dungeon Overview and Level Annotations

Branches:
Dungeon (13/15)            Temple (0/1) D:5            Lair (5/5) D:11
  Swamp (0/4) Lair:2       Spider (0/4) Lair:3        Slime (0/5) Lair:4
    Orc (0/2) D:10
 Vaults: D:13-14

Altars:
Dithmenos
Fedhas
Gozag
Kikubaaqudgha
Makhleb
Nemelex Xobeh
Ru
Trog
Vehumet
Xom
Jiyva

Shops:
D:3 ?   D:4 =:(   D:10 [


Innate Abilities, Weirdness & Mutations

((You are very nimble when in or above water. (Stealth+, EV+, Speed+++)))
Your lower body shifts to a powerful aquatic tail in water.


Message History

The meliai stings you but does no damage.
The meliai hits you with a +0 hand axe!
The meliai stings you but does no damage.
A meliai comes into view. It is wielding a +0 hand axe.
The meliai completely misses you.
The meliai stings you but does no damage.
The meliai buzzes angrily.
You hear an angry buzzing noise.
A meliai comes into view. It is wielding a +0 hand axe.
The meliai barely misses you.
The meliai stings you but does no damage.
You slice the meliai!! You burn the meliai.
You kill the meliai!
Trog accepts your kill.
The meliai calls down the wrath of its god upon you.
Something smites you!
The meliai calls down the wrath of its god upon you.
Something smites you!
Items here: ) [ †.
The meliai invokes the aid of its god against you.
Something smites you! The meliai hits you with a +0 hand axe.
The meliai stings you but does no damage.
The meliai hits you with a +0 hand axe.
The meliai stings you but does no damage.
The meliai blocks your attack. The meliai hits you but does no damage.
The meliai stings you.
* * * LOW HITPOINT WARNING * * *
The meliai invokes the aid of its god against you.
Something smites you!
* * * LOW HITPOINT WARNING * * *
The meliai closely misses you.
The meliai stings you but does no damage.
Blink to where?
Press: ? - help, Dir - move target
As you read the scroll of blinking, it crumbles to dust.
The meliai mumbles some strange prayers to its god against you.
Something smites you!
* * * LOW HITPOINT WARNING * * *
The meliai calls down the wrath of its god upon you.
Something smites you!
You die...

####### ########## #.....#
#........# #.....# #...<....#
######### ###.....# #........#
#........ #.'.....# #........#
#........
..#.....####........#####........
###.....'.##........#..§).z......
# #.....#..'.)..@..y'y###........
##+#######........### #...z..z.
##'####### ########. # ##. # #..
(z ###'# y.# #~~z~ zz ###yz.[
#.##.'..⌠.


You could see 2 meliai.

Vanquished Creatures
  A minotaur (Lair:3)
  6 hydras
  A catoblepas (Lair:2)
  2 centaur warriors (D:13)
  2 boulder beetles
  4 two-headed ogres
  5 death yaks (Lair:5)
  4 skeletal warriors
  A lindwurm (Lair:5)
  An ugly thing (D:11)
  A cyclops (D:12)
  2 manticores
  12 elephants
  7 black mambas
  A gargoyle (D:10)
  An unseen horror (D:12)
  5 cane toads
  A kobold demonologist (D:11)
  11 komodo dragons
  A demonic crawler (Lair:3)
  7 rime drakes
  5 trolls
  A meliai (D:13)
  5 hornets
  Grinder (D:5)
  11 slime creatures (D:12)
  4 polar bears
  10 blink frogs
  9 dream sheep
  Sigmund (D:5)
  40 yaks
  12 spriggans (Lair:5)
  A shadow (D:11)
  10 wyverns
  2 wraiths
  9 basilisks
  5 vampire mosquitoes
  12 water moccasins
  An ice beast (D:7)
  5 orc warriors
  2 sky beasts (D:6)
  4 black bears
  8 boggarts
  15 centaurs
  25 wolves
  4 ogres
  3 phantoms
  10 bullfrogs
  A gnoll sergeant (D:6)
  A necrophage (D:8)
  6 scorpions
  3 wights (D:6)
  2 hounds
  5 jellies
  6 orc priests
  6 iguanas
  15 orc wizards
  9 hell rats (Lair:4)
  2 human simulacra (D:11)
  Robin (D:2)
  4 gnolls (D:6)
  9 adders
  2 shadow imps
  4 white imps
  An ufetubus (D:3)
  An adder skeleton (D:2)
  5 worms
  3 dart slugs
  25 orcs
  5 bats
  9 endoplasms
  6 giant cockroaches
  16 goblins
  10 hobgoblins
  2 jackals (D:1)
  6 quokkas
  3 ball pythons
  A ball python skeleton (D:2)
  A ball python zombie (D:2)
  2 frilled lizards (D:3)
  7 kobolds
  3 quokka skeletons (D:2)
  A quokka zombie (D:2)
  4 rats
478 creatures vanquished.

Vanquished Creatures (collateral kills)
  The ghost of Qikipt the Tainter, a journeyman NaVM of Vehumet (Lair:3)
  A black mamba (Lair:3)
2 creatures vanquished.

Vanquished Creatures (others)
  3 bushes (Lair:5)
  42 fungi
  44 plants
89 creatures vanquished.

Grand Total: 569 creatures vanquished

Notes
Turn   | Place    | Note
-------+----------+-------------------------------------------
     0 | D:1      | jejorda2 the Merfolk Berserker began the quest for the Orb.
     0 | D:1      | Reached XP level 1. HP: 18/18 MP: 1/1
   131 | D:1      | Reached XP level 2. HP: 17/24 MP: 2/2
   510 | D:1      | Reached XP level 3. HP: 29/29 MP: 3/3
   775 | D:2      | Reached ** piety under Trog
   801 | D:2      | Reached skill level 5 in Polearms
   967 | D:2      | Reached XP level 4. HP: 37/37 MP: 4/4
  1520 | D:2      | Noticed Robin
  1533 | D:2      | Killed Robin
  1535 | D:2      | Reached XP level 5. HP: 42/42 MP: 5/5
  1881 | D:3      | Reached skill level 6 in Polearms
  2040 | D:3      | Reached XP level 6. HP: 49/49 MP: 6/6
  2057 | D:3      | Found Pexaercho's Magic Scroll Emporium.
  2066 | D:3      | Bought a scroll of teleportation for 36 gold pieces
  2071 | D:3      | Reached *** piety under Trog
  2104 | D:3      | Found an ancient bone altar of Kikubaaqudgha.
  2572 | D:3      | Bought a scroll of identify for 24 gold pieces
  2651 | D:4      | Reached skill level 7 in Polearms
  2713 | D:4      | Reached skill level 5 in Fighting
  2818 | D:4      | Found Zaury's Weapon Shop.
  2824 | D:4      | Found Ziribuph's Book Boutique.
  2826 | D:4      | Found Ripuon's Jewellery Shop.
  2840 | D:4      | Bought a throwing net for 30 gold pieces
  2883 | D:3      | Bought a scroll of magic mapping for 90 gold pieces
  3140 | D:5      | Entered Level 5 of the Dungeon
  3145 | D:5      | Reached XP level 7. HP: 56/56 MP: 7/7
  3235 | D:5      | Reached skill level 8 in Polearms
  3522 | D:5      | Noticed Sigmund
  3528 | D:5      | Killed Sigmund
  3529 | D:5      | Reached skill level 9 in Polearms
  3529 | D:5      | Reached XP level 8. HP: 64/64 MP: 8/8
  3716 | D:5      | Found a radiant altar of Vehumet.
  3776 | D:3      | Bought a scroll of enchant armour for 90 gold pieces
  4073 | D:5      | Noticed Grinder
  4084 | D:5      | Killed Grinder
  4085 | D:5      | Reached skill level 10 in Polearms
  4122 | D:5      | Found a blossoming altar of Fedhas.
  4122 | D:5      | Found an opulent altar of Gozag.
  4186 | D:5      | Found a staircase to the Ecumenical Temple.
  4253 | D:6      | Found a shimmering altar of Xom.
  4258 | D:6      | Found a shimmering altar of Xom.
  4259 | D:6      | Found a shimmering altar of Xom.
  4260 | D:6      | Found a shimmering altar of Xom.
  4262 | D:6      | Found a shimmering altar of Xom.
  4262 | D:6      | Found a shimmering altar of Xom.
  4262 | D:6      | Found a shimmering altar of Xom.
  4425 | D:6      | Reached skill level 11 in Polearms
  4486 | D:6      | Reached XP level 9. HP: 69/69 MP: 9/9
  4625 | D:6      | Reached **** piety under Trog
  4691 | D:6      | Reached skill level 12 in Polearms
  4759 | D:6      | Reached skill level 5 in Armour
  4911 | D:6      | Found a shadowy altar of Dithmenos.
  5149 | D:7      | Reached skill level 13 in Polearms
  5778 | D:7      | Found a sacrificial altar of Ru.
  6390 | D:8      | Reached skill level 14 in Polearms
  6467 | D:8      | Noticed a two-headed ogre
  6471 | D:8      | Reached XP level 10. HP: 76/76 MP: 10/10
  6476 | D:8      | Killed a two-headed ogre
  6477 | D:8      | Reached skill level 15 in Polearms
  6950 | D:8      | Identified 3 scrolls of acquirement
  6950 | D:8      | Acquired the +1 gold dragon scales "Vaumnoppud" {Harm rPois
                  | rF+ rC+ Int+2}
  6963 | D:8      | Acquired 790 gold pieces
  6965 | D:8      | Acquired a manual of Fighting
  7192 | D:9      | Found a bloodstained altar of Trog.
  7394 | D:9      | Found a burning altar of Makhleb.
  7919 | D:9      | Found a sparkling altar of Nemelex Xobeh.
  8111 | D:10     | Entered Level 10 of the Dungeon
  8151 | D:10     | Reached skill level 16 in Polearms
  8268 | D:10     | Noticed a two-headed ogre
  8276 | D:10     | Killed a two-headed ogre
  8421 | D:10     | Found a staircase to the Orcish Mines.
  8482 | D:10     | Noticed a gargoyle
  8488 | D:10     | Killed a gargoyle
  8489 | D:10     | Reached skill level 17 in Polearms
  8489 | D:10     | Reached XP level 11. HP: 50/89 MP: 11/11
  8681 | D:10     | Noticed a two-headed ogre
  8687 | D:10     | Killed a two-headed ogre
  8743 | D:10     | Found Nueg's Armour Shoppe.
  8970 | D:11     | Noticed a skeletal warrior
  8987 | D:11     | Killed a skeletal warrior
  8988 | D:11     | Reached skill level 10 in Fighting
  9073 | D:11     | Noticed a skeletal warrior
  9073 | D:11     | Noticed a skeletal warrior
  9086 | D:10     | Killed a skeletal warrior
  9312 | D:11     | HP: 2/92 [skeletal warrior/+4 halberd (6)]
  9315 | D:11     | Killed a skeletal warrior
  9316 | D:11     | Reached skill level 18 in Polearms
  9556 | D:11     | Noticed a skeletal warrior
  9662 | D:11     | Killed a skeletal warrior
 10236 | D:11     | Noticed a manticore
 10245 | D:11     | Killed a manticore
 10246 | D:11     | Reached skill level 19 in Polearms
 10376 | D:11     | Found a staircase to the Lair.
 10376 | D:11     | Noticed a brown ugly thing
 10384 | D:11     | Killed a brown ugly thing
 10491 | Lair:1   | Entered Level 1 of the Lair of Beasts
 10514 | Lair:1   | Reached skill level 1 in Evocations
 10514 | Lair:1   | Reached XP level 12. HP: 94/102 MP: 12/12
 10823 | Lair:1   | Reached skill level 20 in Polearms
 10853 | Lair:1   | Identified the ring of Mety {rElec rPois Str-3 Dex+2}
 11494 | Lair:2   | Reached skill level 5 in Evocations
 11529 | Lair:2   | Noticed a catoblepas
 11539 | Lair:2   | Killed a catoblepas
 11652 | Lair:2   | Reached skill level 1 in Throwing
 12141 | Lair:2   | Reached ***** piety under Trog
 12245 | Lair:2   | Found a staircase to the Swamp.
 12262 | Lair:2   | Reached XP level 13. HP: 87/111 MP: 13/13
 12573 | Lair:3   | Found a hole to the Spider Nest.
 12579 | Lair:3   | Received a gift from Trog
 13030 | Lair:3   | Found a runed translucent gate.
 13031 | Lair:3   | Found a runed translucent gate.
 13032 | Lair:3   | Found a runed translucent gate.
 13035 | Lair:3   | Noticed a minotaur
 13038 | Lair:3   | Noticed Qikipt's ghost (journeyman NaVM)
 13636 | Lair:3   | Killed a minotaur
 13651 | Lair:3   | Killed Qikipt's ghost
 13659 | Lair:3   | Identified the +1 broad axe "Woxad" {protect, Will+ Str+3
                  | Stlth+}
 13753 | Lair:3   | Reached skill level 5 in Throwing
 13965 | Lair:4   | Found a staircase to the Slime Pits.
 13966 | Lair:4   | Found a viscous altar of Jiyva.
 15037 | Lair:5   | Entered Level 5 of the Lair of Beasts
 15364 | Lair:5   | Reached XP level 14. HP: 120/120 MP: 14/14
 15372 | Lair:5   | Received a gift from Trog
 15498 | Lair:5   | Reached skill level 10 in Armour
 17444 | D:12     | Reached skill level 10 in Throwing
 17783 | D:12     | Reached ****** piety under Trog
 17906 | D:13     | Received a gift from Trog
 18170 | D:13     | Reached XP level 15. HP: 118/127 MP: 15/15
 18173 | D:13     | Identified the +7 scale mail of the Hall of Blades {+Blink
                  | rC+ Str-4}
 18225 | D:13     | Killed from afar by a meliai

Illustrated notes

Levels and vault maps discovered:
D:1:      psy_arrival_statuary, layout_basic, kennysheep_crisscross,
          chequers_serial_rivers_micro_a
D:2:      layout_basic, serial_undead, serial_undead_a, serial_undead_d,
          serial_undead_c, serial_undead_f, uniq_robin
D:3:      layout_rooms, amcnicky_altar_gilded, serial_shops,
          nicolae_shop_advertising_works [nicolae_subvault_shop_adworks],
          grunt_decor_fettered, kennysheep_generic_room_6
D:4:      layout_rooms, nicolae_wooded_promenade
D:5:      nicolae_BIG_FREAKIN_CUBE, layout_basic, vehumet_crystals,
          amethyst_overflow_temple_binary, minmay_temple_entry_metal_lava,
          palyth_stone_intersect, uniq_grinder, uniq_sigmund
D:6:      layout_basic, xom_redecorated, grunt_dithmenos_smoke_and_mirrors
D:7:      layout_layer_cave, marbit_many_paths, st_stairs_14, chequers_jeans
D:8:      layout_basic
D:9:      layout_irregular_city, nicolae_overflow_crystal_walls,
          mainiacjoe_overflow_brackets, mainiacjoe_overflow_chevrons,
          dk_rats_in_the_wall
D:10:     layout_layer_cave, orc_0_dummy, serial_shops, kennysheep_mini
D:11:     layout_cross, dpeg_oklobed_lair, dreamdust_wishing_well,
          minmay_misc_feat_more_columns, dk_noncrumbling_3, bh_circular_ruins
D:12:     layout_rooms, hangedman_glass_garden
D:13:     layout_roguey, kennysheep_generic_room_13
Lair:1:   layout_loops_ring
Lair:2:   layout_loops_ring, minmay_swamp_entry_swarm, serial_bayou_pond_d,
          chequers_serial_rivers_micro_e, serial_bayou_shore_b
Lair:3:   layout_small_grid, nicolae_spider_entry_non_spiders,
          maelrawn_ghost_gauntlet_escape
Lair:4:   layout_roguey [special_room_mythical_zoo], slime_entry_1,
          serial_bayou_shore_b, grunt_megastairs_3
Lair:5:   minmay_lair_end_enchanted_forest, layout_regular_city

Skill      XL: |  1  2  3  4  5  6  7  8  9 10 11 12 13 14 |
---------------+-------------------------------------------+-----
Polearms       | 5 6 7 9 11 14 17 19 20 | 20.0
Armour         | 2 3 4 5 6 7 9 11 | 11.4
Fighting       | 4 5 6 9 12 13 14 | 14.4
Evocations     | 1 6 |  6.0
Throwing       | 3 6 10 | 10.5
Dodging        | |  2.6

Action                   |  1- 3 |  4- 6 |  7- 9 | 10-12 | 13-15 || total
-------------------------+-------+-------+-------+-------+-------++-------
Melee: Spear             |   133 |   146 |       |       |       ||   279
       Tailslap          |     1 |       |       |     1 |       ||     2
       Punch             |     1 |     2 |       |       |       ||     3
       Trident           |       |    90 |    38 |       |     4 ||   132
       Halberd           |       |       |   190 |   172 |    20 ||   382
       Glaive            |       |       |       |   319 |   646 ||   965
Throw: Stone             |     1 |       |     7 |    23 |    14 ||    45
       Dart              |       |       |       |       |    14 ||    14
       Javelin           |       |       |       |       |     4 ||     4
Invok: Berserk           |     2 |     4 |     5 |     8 |     5 ||    24
       Trog's Hand       |       |       |     2 |       |     2 ||     4
       Brothers in Arms  |       |       |       |       |     1 ||     1
  Use: Scroll            |       |     5 |     7 |    18 |     1 ||    31
       Potion            |       |       |       |     1 |     2 ||     3
 Stab: Sleeping          |     3 |     1 |       |       |       ||     4
       Distracted        |       |       |       |     1 |       ||     1
Armor: Animal skin       |    10 |       |       |       |       ||    10
       Ring mail         |    19 |    27 |       |       |       ||    46
       Leather armour    |       |    23 |     3 |       |       ||    26
       Plate armour      |       |       |    78 |     3 |       ||    81
       Chain mail        |       |       |     2 |       |       ||     2
       Gold dragon scale |       |       |       |   280 |   341 ||   621
Dodge: Dodged            |    52 |    89 |    41 |   140 |   175 ||   497

Table legend: (Time is in decaauts)
 A = Elapsed time spent in this place.
 B = Non-inter-level travel time spent in this place.
 C = Inter-level travel time spent in this place.
 D = Time resting spent in this place.
 E = Time spent auto-exploring this place.
 F = Levels seen in this place.
 G = Mean time per level.
                   A        B        C        D        E       F      G
               +--------+--------+--------+--------+--------+-----+--------+
         Total |  18014 |  16719 |   1295 |   2229 |  11375 |  18 | 1000.8 |
       Dungeon |  11550 |  10760 |    790 |   1694 |   7190 |  13 |  888.5 |
          Lair |   6463 |   5958 |    505 |    535 |   4184 |   5 | 1292.6 |
               +--------+--------+--------+--------+--------+-----+--------+

Top non-repeatable levels by time:
  Lair:5: 1829 daAuts
    D:10: 1460 daAuts
  Lair:4: 1356 daAuts
     D:7: 1209 daAuts
  Lair:3: 1197 daAuts
    D:11: 1133 daAuts
  Lair:2: 1118 daAuts
     D:5: 1042 daAuts
     D:2: 1038 daAuts
     D:9: 981 daAuts
  Lair:1: 962 daAuts
     D:8: 855 daAuts
     D:1: 838 daAuts
     D:6: 795 daAuts
     D:3: 762 daAuts
